cohdb
Replays
Latest Replays
All Replays
Popular Replays
Top Player Replays
Match Explorer
How It Works
Community
CoH3 Stats
Reddit
Sign in to upload your games and track your stats! →
Sign in with Steam
Match 38045942
Unlisted
Match 38045942
Overview
Messages
Build Orders
End
Kradschützen Motorcycle Team
Panzerpioneer Squad
250 Light Carrier
Selects Armored Support Battlegroup
Panzergrenadier Squad
Panzergrenadier Squad
Construct Light Support Kompanie
Selects Superior Fire Drills
Fire Support Elements
Combat Half-tracks
Flakvierling Half-track
Selects Salvage Kits
Pak 38 Mechanized Group
Vehicle Survival Package
Construct Panzerarmee Kommand
Panzergrenadier Squad
Emergency Repair Kits
Selects Panzer Storm
Panzer III L Medium Tank
Rapid Advance
Walking Stuka Rocket Launcher
Selects Stuka Anti-tank Loiter
Flak 36 Anti-tank Gun Team
Armored Reserves
Overlord
pensss
atank
sharpshooter
0
0
Comments
sign in to comment!
No comments posted yet!